 Dungeon Crawl Stone Soup version 0.23-a0-577-g2b1de94 (webtiles) character file.

51 Leeroy the Ducker (level 3, 0/28 HPs)
             Began as a Merfolk Skald on Dec 14, 2018.
             Slain by an adder (4 damage)
             ... on level 2 of the Dungeon.
             The game lasted 00:04:17 (1345 turns).

Leeroy the Ducker (Merfolk Skald)                   Turns: 1345, Time: 00:04:17

Health: 0/28       AC:  4    Str: 11    XL:     3   Next: 81%
Magic:  6/6        EV: 18    Int: 13    God:
Gold:   57         SH:  4    Dex: 18    Spells: 3/6 levels left

rFire    . . .     SeeInvis .   a - +0 falchion
rCold    . . .     Gourm    .   p - +0 buckler
rNeg     . . .     Faith    .   b - +1 leather armour
rPois    .         Spirit   .   (no helmet)
rElec    .         Reflect  .   (no cloak)
rCorr    .         Harm     .   (no gloves)
MR       .....                  (no boots)
Stlth    ++........             (no amulet)
HPRegen  0.09/turn              (no ring)
MPRegen  0.10/turn              (no ring)

@: agile, lethally poisoned (0 -> -10), flying
A: change form in water, swift swim, stealthy swim
a: no special abilities


You were on level 2 of the Dungeon.
You were not hungry.

You visited 1 branch of the dungeon, and saw 2 of its levels.

You collected 57 gold pieces.

Inventory:

Hand Weapons
 a - a +0 falchion (weapon)
 j - a cursed -3 dagger
 k - a +0 whip
 n - a +0 hand axe
 r - a +0 hunting sling
 s - a +0 spear
 t - a +0 falchion
Missiles
 e - 20 bolts
 g - 8 curare-tipped needles
 m - 5 stones (quivered)
 q - 21 arrows
 u - 8 poisoned needles
Armour
 b - a +1 leather armour (worn)
 p - a +0 buckler (worn)
Scrolls
 h - 4 scrolls of identify {unknown}
 i - a scroll of enchant armour
 w - a scroll of fog {unknown}
Potions
 l - a potion of haste {unknown}
 v - a potion of magic {unknown}
Comestibles
 c - 3 chunks of flesh
 d - a ration


   Skills:
 + Level 2.4 Fighting
 * Level 2.9 Long Blades
 - Level 0.6 Armour
 * Level 3.8 Dodging
 * Level 0.2 Shields
 * Level 2.1 Spellcasting
 + Level 3.6 Charms


You had 3 spell levels left.
You knew the following spells:

 Your Spells              Type           Power        Failure   Level  Hunger
a - Infusion              Chrm           ##..         12%         1    ##.....
b - Shroud of Golubria    Chrm/Tloc      #.........   36%         2    ###....

Your spell library contained the following spells:

 Spells                   Type           Power        Failure   Level  Hunger
 Song of Slaying          Chrm           ##......     19%         2    ###....
 Regeneration             Chrm/Necr      #.........   58%         3    ####...
 Spectral Weapon          Hex/Chrm       #.......     58%         3    ####...


Dungeon Overview and Level Annotations

Branches:
Dungeon (2/15)

Altars:
Makhleb
Okawaru


Message History

* * * LOW HITPOINT WARNING * * *
You are more poisoned.
The adder poisons you! The adder bites you but does no damage.
You hit the adder but do no damage.
The adder is almost dead.
* * * LOW HITPOINT WARNING * * *
You feel sick. The adder closely misses you.
Casting: Infusion (safe; 12% risk of failure)
Confirm with . or Enter, or press ? or * to list all spells.
Okay, then.
It was a potion of flight.
You feel very buoyant.
You fly up into the air.
* * * LOW HITPOINT WARNING * * *
You feel sick. The adder bites you.
* * * LOW HITPOINT WARNING * * *
It was a potion of agility.
You feel agile all of a sudden. The adder bites you.
You die...

#.##.####.# #.# #...####
..##......# ###.##### #...#
#.############.......# #...# ##
#.##.....#.......##..####...####.
..##.....#.###....#..............
####.........#...................
#.....#.#.#...#.....÷......... ##
#.....#.....S......###...####. .#
####÷####.#..@....)# #...# #. .#
#.## #.###.#.##.# #...# #. .###
##..###.......##.###...# ##
...###...........####.##....#
.......####.####.####.......#
.#.##..##.....##.......#.##.#
.#.##..#.......#..####.#.##.#
.#.....#.......#.#.......##.###
.####......_......###....>....#


You could see an adder.

Vanquished Creatures
  An ooze (D:2)
  A worm (D:2)
  A leopard gecko (D:2)
  10 bats
  7 goblins
  2 hobgoblins
  8 kobolds
  2 quokkas (D:2)
  A ball python (D:1)
  6 rats
39 creatures vanquished.

Notes
Turn   | Place    | Note
-------+----------+-------------------------------------------
     0 | D:1      | Leeroy the Merfolk Skald began the quest for the Orb.
     0 | D:1      | Reached XP level 1. HP: 16/16 MP: 3/3
   109 | D:1      | Reached XP level 2. HP: 18/22 MP: 5/5
   372 | D:1      | Learned a level 2 spell: Shroud of Golubria
   602 | D:1      | Found an iron altar of Okawaru.
   654 | D:1      | Reached XP level 3. HP: 28/28 MP: 6/6
  1242 | D:2      | Found a burning altar of Makhleb.
  1345 | D:2      | Slain by an adder

Vault maps used:
D:1:      minmay_arrival_hallway, okawaru_ov_weapons_minmay
D:2:      old_standard_altar

Skill      XL: |  1  2 |
---------------+-------+-----
Dodging        | 3 |  3.8
Fighting       | |  2.4
Long Blades    | |  2.9
Armour         | |  0.6
Shields        | |  0.2
Spellcasting   | |  2.1
Charms         | |  3.6

Action                   || total
-------------------------++-------
Melee: Falchion          ||   120
 Cast: Infusion          ||     2
       Shroud of Golubri ||     1
  Use: Scroll            ||     1
       Potion            ||     2
 Stab: Sleeping          ||     1
  Eat: Chunk             ||     2
Armor: Leather armour    ||    38
Dodge: Dodged            ||   105
Block: Buckler           ||    13
       Rpst.: Falchion   ||    34

Table legend:
 A = Non-vault XP
 B = Vault XP
 C = Vault XP percentage of total XP
 D = Non-vault monster count
 E = Vault monster count
 F = Vault count percentage of total count
                 A         B        C        D         E       F
            +---------+---------+-------+---------+---------+-------
      Total |      73 |       0 |   0.0 |      39 |       0 |   0.0
            +---------+---------+-------+---------+---------+-------
        D:1 |      36 |       0 |   0.0 |      22 |       0 |   0.0
        D:2 |      37 |       0 |   0.0 |      17 |       0 |   0.0
            +---------+---------+-------+---------+---------+-------
